 Dungeon Crawl Stone Soup version 0.21.1 (webtiles) character file.

53 tidbits the Charmwright (level 3, 0/31 HPs)
             Began as a Gnoll Skald on Feb 3, 2018.
             Slain by a worker ant (7 damage)
             ... on level 4 of the Dungeon.
             The game lasted 00:01:40 (153 turns).

tidbits the Charmwright (Gnoll Skald)                Turns: 153, Time: 00:01:40

Health: 0/31       AC:  3    Str: 13    XL:     3   Next: 89%
Magic:  2/9        EV: 14    Int: 16    God:
Gold:   0          SH:  0    Dex: 14    Spells: 1/12 levels left

rFire    . . .     SeeInvis .   a - +0 hand axe
rCold    . . .     Gourm    .   (no shield)
rNeg     . . .     Faith    .   b - +0 leather armour
rPois    .         Spirit   .   (no helmet)
rElec    .         Reflect  .   (no cloak)
rCorr    .         Harm     .   (no gloves)
MR       .....                  (no boots)
Stlth    +.........             (no amulet)
HPRegen  0.10/turn              W - ring of wizardry
MPRegen  0.11/turn              (no ring)

@: lethally poisoned (0 -> -3), very slightly contaminated
A: distributed training, fangs 1, strong nose
a: no special abilities


You were on level 4 of the Dungeon.
You were not hungry.

You visited 1 branch of the dungeon, and saw 4 of its levels.

Inventory:

Hand Weapons
 a - a +0 hand axe (weapon)
Armour
 b - a +0 leather armour (worn)
Jewellery
 W - a ring of wizardry (left hand)
   (You found it on level 1 of the Dungeon)
Scrolls
 f - a scroll of blinking
Books
 c - a book of Battle

   Spells                             Type                      Level
   a - Infusion                       Charms                       1
   b - Shroud of Golubria             Charms/Translocation         2
   c - Song of Slaying                Charms                       2
   d - Spectral Weapon                Hexes/Charms                 3
   e - Regeneration                   Charms/Necromancy            3
Comestibles
 d - 2 rations


   Skills:
 + Level 4.6 Fighting
 + Level 1.0 Short Blades
 + Level 1.0 Long Blades
 + Level 4.6 Axes
 + Level 1.0 Maces & Flails
 + Level 1.0 Polearms
 + Level 1.0 Staves
 + Level 1.0 Slings
 + Level 1.0 Bows
 + Level 1.0 Crossbows
 + Level 1.0 Throwing
 + Level 2.6 Armour
 + Level 4.6 Dodging
 + Level 1.0 Stealth
 + Level 1.0 Shields
 + Level 1.0 Unarmed Combat
 + Level 5.0 Spellcasting
 + Level 0.7 Conjurations
 + Level 0.7 Hexes
 + Level 5.4 Charms
 + Level 0.7 Summonings
 + Level 0.7 Necromancy
 + Level 0.7 Translocations
 + Level 0.7 Transmutations
 + Level 0.7 Fire Magic
 + Level 0.7 Ice Magic
 + Level 0.7 Air Magic
 + Level 0.7 Earth Magic
 + Level 0.7 Poison Magic
 + Level 1.0 Invocations
 + Level 1.0 Evocations


You had one spell level left.
You knew the following spells:

 Your Spells              Type           Power        Failure   Level  Hunger
g - Shroud of Golubria    Chrm/Tloc      ##........   3%          2    #......
i - Infusion              Chrm           ###.         1%          1    None
r - Regeneration          Chrm/Necr      ##........   6%          3    ###....
w - Spectral Weapon       Hex/Chrm       ##......     6%          3    ###....
y - Song of Slaying       Chrm           ###.....     1%          2    #......


Dungeon Overview and Level Annotations

Branches:
Dungeon (4/15)
 Temple: D:4-7

Altars:
Xom


Innate Abilities, Weirdness & Mutations

Your experience applies equally to all skills.
You have very sharp teeth.
Your uncanny sense of smell can sniff out nearby items.


Message History

You start memorising the spell.
You continue memorising. x2
You hear the slow hiss of a very distant avalanche of sand.
Your skin is crawling a little less now.
You continue memorising.
You finish memorising.
Spell assigned to 'w'.
A worker ant and an orc wizard come into view.
You are no longer magically infusing your attacks.
The orc wizard shouts!
The worker ant twitches its antennae in your direction.
You hear a shout!
The worker ant moves out of view.
An orc comes into view. It is wielding a whip.
Your skin stops crawling.
Casting: Regeneration
Confirm with . or Enter, or press ? or * to list all spells.
You miscast Spectral Weapon.
You are very lightly contaminated with residual magic.
The air around you crackles with energy!
Unknown command.
Unknown command.
As you read the scroll labeled IROETAOMEE, it crumbles to dust.
It is a scroll of identify.
f - a scroll of blinking You completely miss the orc wizard.
The orc wizard casts a spell at you. The magic dart hits you!
Okay, then.
You hit the orc wizard.
The orc wizard is moderately wounded.
The orc wizard hits you but does no damage.
You hit the orc wizard.
The orc wizard is severely wounded.
You hit the worker ant but do no damage.
The orc wizard closely misses you. The worker ant barely misses you.
You miss the orc wizard.
The orc wizard is severely wounded.
You closely miss the worker ant. The worker ant barely misses you.
The orc wizard casts a spell.
The orc wizard seems to speed up.
The worker ant bites you.
You are poisoned.
The worker ant poisons you! The orc wizard hits you with a dagger.
You hear a shout!
You hear an angry hiss.
Unknown command.
You hit the orc wizard.
The orc wizard is severely wounded.
You barely miss the worker ant.
You feel sick.
The orc wizard mumbles some strange words.
The orc wizard blinks!
The worker ant closely misses you.
Unknown command.
You hit the worker ant. Your bite misses the worker ant.
The worker ant is moderately wounded.
You feel sick. The worker ant barely misses you.
The orc wizard gestures at you while chanting.
You resist with significant effort.
You closely miss the orc wizard.
You bite the orc wizard, but do no damage.
The orc wizard is severely wounded.
You barely miss the worker ant.
The worker ant bites you but does no damage.
The orc wizard closely misses you. The worker ant completely misses you.
You hit the orc wizard.
You kill the orc wizard!
Your Short Blades skill increases to level 1!
Your Long Blades skill increases to level 1!
Your Maces & Flails skill increases to level 1!
Your Polearms skill increases to level 1!
Your Staves skill increases to level 1!
Your Slings skill increases to level 1!
Your Bows skill increases to level 1!
Your Crossbows skill increases to level 1!
Your Throwing skill increases to level 1!
Your Stealth skill increases to level 1!
Your Shields skill increases to level 1!
Your Unarmed Combat skill increases to level 1!
Your Invocations skill increases to level 1!
Your Evocations skill increases to level 1!
You hit the worker ant but do no damage.
You feel sick.
The worker ant bites you but does no damage.
An orc comes into view.
You hit the worker ant but do no damage.
The worker ant is moderately wounded.
You feel sick. The worker ant barely misses you.
You hit the worker ant.
The worker ant is heavily wounded.
You hit the orc.
The worker ant bites you but does no damage.
The orc hits you.
* * * LOW HITPOINT WARNING * * *
You hit the worker ant.
You bite the worker ant, but do no damage.
The worker ant is severely wounded.
You barely miss the orc. The worker ant bites you.
* * * LOW HITPOINT WARNING * * *
The orc barely misses you.
You closely miss the worker ant.
You bite the worker ant, but do no damage.
The worker ant is severely wounded.
You barely miss the orc.
You feel sick. The worker ant barely misses you. The orc barely misses you.
The worker ant bites you!
You die...

....o...# . ........
... a..... .... ...o.
...###... ...#..
#####.#.######## ......
........o@.....#
......####.....a).....#
.....# #............#
#....# #............# .
..# ###.##########
#.#.# #.#
###.#.######.#
.............#
....#.########


You could see a worker ant and an orc.

Vanquished Creatures
  An orc wizard (D:4)
  A worker ant (D:4)
  A dart slug (D:3)
  A quokka (D:3)
  A bat (D:1)
  A frilled lizard (D:1)
6 creatures vanquished.

Notes
Turn   | Place    | Note
-------+----------+-------------------------------------------
     0 | D:1      | tidbits the Gnoll Skald began the quest for the Orb.
     0 | D:1      | Reached XP level 1. HP: 20/20 MP: 6/6
    71 | D:3      | Found a shimmering altar of Xom.
    82 | D:3      | Noticed an orc priest
   105 | D:4      | Noticed a worker ant
   119 | D:4      | Killed a worker ant
   119 | D:4      | Reached skill level 5 in Spellcasting
   119 | D:4      | Reached XP level 2. HP: 14/26 MP: 4/8
   119 | D:4      | Reached XP level 3. HP: 17/31 MP: 4/9
   123 | D:4      | Learned a level 2 spell: Song of Slaying
   126 | D:4      | Learned a level 2 spell: Shroud of Golubria
   130 | D:4      | Learned a level 3 spell: Regeneration
   135 | D:4      | Learned a level 3 spell: Spectral Weapon
   149 | D:4      | Reached skill level 1 in Short Blades
   149 | D:4      | Reached skill level 1 in Long Blades
   149 | D:4      | Reached skill level 1 in Maces & Flails
   149 | D:4      | Reached skill level 1 in Polearms
   149 | D:4      | Reached skill level 1 in Staves
   149 | D:4      | Reached skill level 1 in Slings
   149 | D:4      | Reached skill level 1 in Bows
   149 | D:4      | Reached skill level 1 in Crossbows
   149 | D:4      | Reached skill level 1 in Throwing
   149 | D:4      | Reached skill level 1 in Stealth
   149 | D:4      | Reached skill level 1 in Shields
   149 | D:4      | Reached skill level 1 in Unarmed Combat
   149 | D:4      | Reached skill level 1 in Invocations
   149 | D:4      | Reached skill level 1 in Evocations
   153 | D:4      | Slain by a worker ant

Skill      XL: |  1  2  3 |
---------------+----------+-----
Spellcasting   | 5 |  5.0
Short Blades   | 1 |  1.0
Long Blades    | 1 |  1.0
Maces & Flails | 1 |  1.0
Polearms       | 1 |  1.0
Staves         | 1 |  1.0
Slings         | 1 |  1.0
Bows           | 1 |  1.0
Crossbows      | 1 |  1.0
Throwing       | 1 |  1.0
Stealth        | 1 |  1.0
Shields        | 1 |  1.0
Unarmed Combat | 1 |  1.0
Invocations    | 1 |  1.0
Evocations     | 1 |  1.0
Fighting       | |  4.6
Axes           | |  4.6
Armour         | |  2.6
Dodging        | |  4.6
Conjurations   | |  0.7
Hexes          | |  0.7
Charms         | |  5.4
Summonings     | |  0.7
Necromancy     | |  0.7
Translocations | |  0.7
Transmutations | |  0.7
Fire Magic     | |  0.7
Ice Magic      | |  0.7
Air Magic      | |  0.7
Earth Magic    | |  0.7
Poison Magic   | |  0.7

Action                   || total
-------------------------++-------
Melee: Hand axe          ||    29
       Bite              ||     3
 Cast: Infusion          ||     2
       Regeneration      ||     1
  Use: Scroll            ||     1
Armor: Leather armour    ||     6
Dodge: Dodged            ||    24

Table legend:
 A = Turns spent in this place as a percentage of turns spent in the entire game.
 B = Non-inter-level travel turns spent in this place as a percentage of non-inter-level travel turns spent in the entire game.
 C = Inter-level travel turns spent in this place as a percentage of turns spent in this place.
 D = Turns resting spent in this place as a percentage of non-inter-level travel turns spent in this place.
 E = Turns spent auto-exploring this place as a percentage of non-inter-level travel turns spent in this place.
 F = Non-inter-level travel turns spent in this place divided by the number of levels of this place that you've seen.
                   A       B       C       D       E      F
               +-------+-------+-------+-------+-------+----------------------
         Total | 100.0 | 100.0 |   0.0 |   0.0 |   0.0 |  38.2
       Dungeon | 100.0 | 100.0 |   0.0 |   0.0 |   0.0 |  38.2
               +-------+-------+-------+-------+-------+----------------------

Table legend:
 A = Kills in this place as a percentage of kills in entire the game.
 B = Kills by you in this place as a percentage of kills by you in the entire game.
 C = Kills by friends in this place as a percentage of kills by friends in the entire game.
 D = Other kills in this place as a percentage of other kills in the entire game.
 E = Experience gained in this place as a percentage of experience gained in the entire game.
 F = Experience gained in this place divided by the number of levels of this place that you have seen.
                   A       B       C       D       E      F
               +-------+-------+-------+-------+-------+----------------------
         Total | 100.0 | 100.0 |   N/A |   N/A | 100.0 |  19.2
       Dungeon | 100.0 | 100.0 |   N/A |   N/A | 100.0 |  19.2
               +-------+-------+-------+-------+-------+----------------------

Vault maps used:
D:1:      roderic_crop_circles_arrival_small, serial_forest,
          infiniplex_forest_join, infiniplex_forest_clump_tiny,
          infiniplex_forest_3_way, infiniplex_forest_straight_5,
          infiniplex_forest_clump_C, infiniplex_forest_clump_medium,
          serial_park_tiny_1, minmay_pentomino_s2
D:2:      chequers_ecumenical_altar_twisty
D:3:      lemuel_round_altar, hangedman_abyss_or_decor_lesser_grid,
          hangedman_feature_mirror, uniq_ijyb, uniq_robin, uniq_natasha,
          uniq_grinder
D:4:      gup_ossuary_entry_pyramid, first_ration
